 Dungeon Crawl Stone Soup version 0.29-a0-541-gaf1fc19f1b (webtiles) character file.

Game seed: 17073469626260541024

303 IdlyInterested the Ducker (level 6, -1/44 HPs)
             Began as a Demonspawn Gladiator on June 2, 2022.
             Slain by a gnoll sergeant
             ... wielding a +0 spear
              (2 damage)
             ... on level 4 of the Dungeon.
             The game lasted 00:09:53 (2775 turns).

IdlyInterested the Ducker (Demonspawn Gladiator)    Turns: 2775, Time: 00:09:53

Health: -1/44      AC: 10    Str: 16    XL:     6   Next: 15%
Magic:  6/6        EV: 12    Int:  9    God:
Gold:   131        SH:  4    Dex: 15    Spells: 5/5 levels left

rFire   . . .      SeeInvis .   a - +1 flail
rCold   . . .      Faith    .   (no shield)
rNeg    + . .      Spirit   .   i - +0 ring mail
rPois   .          Reflect  .   c - +2 helmet
rElec   .          Harm     .   (no cloak)
rCorr   .          Rampage  .   (no gloves)
Will    +++..      Clarity  +   r - +1 pair of boots
Stlth   +.........              j - amulet of the Four Winds {rN+ Will+++ Clar}
HPRegen 0.14/turn               (no ring)
MPRegen 0.10/turn               (no ring)

@: no status effects
A: claws 1, large bone plates 1, powered by pain 1, demonic magic 1
a: no special abilities


You were on level 4 of the Dungeon.
You visited 1 branch of the dungeon, and saw 4 of its levels.

You collected 131 gold pieces.

Inventory:

Hand Weapons
 a - a +1 flail (weapon)
Missiles
 e - a javelin
 g - 121 stones (quivered)
Armour
 b - a +0 leather armour
 c - a +2 helmet (worn)
 i - a +0 ring mail (worn)
 r - a +1 pair of boots (worn)
Jewellery
 f - an amulet of the acrobat
 j - the amulet of the Four Winds (around neck) {rN+ Will+++ Clar}
   (You found it on level 2 of the Dungeon)

   [amulet of nothing]

   rN:        It protects you from negative energy.
   Clar:      It protects you against confusion.
   Will:      It greatly increases your willpower.
Scrolls
 h - a scroll of magic mapping
 n - 4 scrolls of teleportation
 o - 2 scrolls of vulnerability
 t - 2 scrolls of immolation
Potions
 k - a potion of mutation
 p - a potion of resistance
 s - 2 potions of cancellation
 v - a potion of attraction


   Skills:
 - Level 2.0 Fighting
 + Level 3.9 Maces & Flails
 - Level 1.7 Throwing
 - Level 2.0 Armour
 * Level 4.7 Dodging
 * Level 1.4 Unarmed Combat


You had 5 spell levels left.
You didn't know any spells.
Your spell library contained the following spells:

 Spells                   Type           Power      Damage    Failure   Level
 Beastly Appendage        Tmut           0%         N/A       58%         1
 Magic Dart               Conj           0%         1d3       58%         1
 Call Imp                 Summ           0%         N/A       75%         2
 Wereblood                Tmut           0%         N/A       75%         2
 Mephitic Cloud           Conj/Pois/Air  0%         N/A       92%         3
 Spider Form              Tmut/Pois      0%         N/A       92%         3


Dungeon Overview and Level Annotations

Branches:
Dungeon (4/15)
 Temple: D:4-7

Altars:


Innate Abilities, Weirdness & Mutations

You have sharp fingernails.
You are partially covered in large bone plates. (SH +4)
You sometimes gain a little power by taking damage.
Spells you cast may paralyse adjacent enemies.


Message History

The gnoll hits you from afar with a +0 spear.
The gnoll sergeant hits you with a +0 spear.
The gnoll barely misses you.
The gnoll sergeant hits you with a +0 spear.
You hit the gnoll sergeant.
The gnoll sergeant is lightly wounded.
The gnoll closely misses you.
The gnoll sergeant completely misses you.
Throw: throwing net
Press: ? - help, Shift-Dir - straight line, f - gnoll sergeant
Aim: a gnoll sergeant, wielding a +0 spear and wearing a +0 ring mail (lightly wounded, 67% to hit)
You throw a throwing net.
The throwing net barely misses the gnoll sergeant.
The gnoll hits you from afar with a +0 halberd!
* * * LOW HITPOINT WARNING * * *
The gnoll hits you from afar with a +0 spear.
* * * LOW HITPOINT WARNING * * *
The gnoll sergeant hits you with a +0 spear.
* * * LOW HITPOINT WARNING * * *
You closely miss the gnoll sergeant.
The gnoll sergeant is lightly wounded.
The gnoll closely misses you.
The gnoll hits you from afar with a +0 spear.
* * * LOW HITPOINT WARNING * * *
The gnoll sergeant hits you but does no damage.
Okay, then.
You barely miss the gnoll sergeant.
The gnoll sergeant is lightly wounded.
The gnoll closely misses you. The gnoll sergeant barely misses you.
The gnoll barely misses you.
You hit the gnoll sergeant but do no damage.
The gnoll sergeant is lightly wounded.
You block the gnoll's attack. The gnoll closely misses you.
The gnoll sergeant hits you with a +0 spear.
* * * LOW HITPOINT WARNING * * *
You hit the gnoll sergeant but do no damage.
The gnoll sergeant is lightly wounded.
You block the gnoll's attack. The gnoll closely misses you.
The gnoll sergeant hits you with a +0 spear.
You die...

##...♣..♣♣.......#
.....♣♣.♣#........
#.........#.......
♣♣♣#..............
....###..#........
♣♣♣......#...)....
##...............(
#..###.....>......
##@###...#.#....♣♣
##)g........##..♣♣
#gg.).#..?.....♣♣
#.#(.#####.......
#.##.# ..[..PP ♣.
##.# .....♣P ♣. ##
......♣ .g .......
.. #......


You could see a gnoll sergeant and 2 gnolls.

Vanquished Creatures
  An ogre (D:4)
  A scorpion (D:3)
  An orc priest (D:3)
  An orc wizard (D:3)
  3 gnolls (D:4)
  An adder (D:2)
  3 dart slugs
  2 orcs (D:3)
  3 ball pythons
  7 endoplasms
  5 giant cockroaches
  7 goblins
  4 hobgoblins
  3 jackals (D:1)
  4 quokkas
  2 bats (D:3)
  5 frilled lizards
  3 kobolds
  4 rats
60 creatures vanquished.

Vanquished Creatures (others)
  An orc wizard (D:3)
  A plant (D:4)
2 creatures vanquished.

Grand Total: 62 creatures vanquished

Notes
Turn   | Place    | Note
-------+----------+-------------------------------------------
     0 | D:1      | IdlyInterested the Demonspawn Gladiator began the quest for
                  | the Orb.
     0 | D:1      | Reached XP level 1. HP: 16/16 MP: 1/1
   180 | D:1      | Reached skill level 3 in Dodging
   197 | D:1      | Gained mutation: You sometimes gain a little power by
                  | taking damage. [demonic ancestry]
   197 | D:1      | Reached XP level 2. HP: 22/22 MP: 2/2
   376 | D:1      | Reached skill level 1 in Armour
   441 | D:1      | Found a faded altar of an unknown god.
   570 | D:1      | Gained mutation: Spells you cast may paralyse adjacent
                  | enemies. [demonic ancestry]
   570 | D:1      | Reached XP level 3. HP: 25/27 MP: 3/3
  1443 | D:2      | Found the amulet of the Four Winds {rN+ Will+++ Clar}
  1781 | D:3      | Gained mutation: You are partially covered in large bone
                  | plates. (SH +4) [demonic ancestry]
  1781 | D:3      | Reached XP level 4. HP: 19/33 MP: 4/4
  1807 | D:3      | Reached skill level 4 in Dodging
  2125 | D:3      | Noticed a scorpion
  2131 | D:3      | Killed a scorpion
  2132 | D:3      | Gained mutation: You have sharp fingernails. [demonic
                  | ancestry]
  2132 | D:3      | Reached XP level 5. HP: 38/38 MP: 5/5
  2651 | D:4      | Noticed an ogre
  2673 | D:4      | Killed an ogre
  2674 | D:4      | Reached skill level 1 in Unarmed Combat
  2674 | D:4      | Reached XP level 6. HP: 37/44 MP: 6/6
  2774 | D:4      | HP: 1/44 [gnoll sergeant/+0 spear (3)]
  2775 | D:4      | Slain by a gnoll sergeant

Illustrated notes

Levels and vault maps discovered:
D:1:      dpeg_arrival_rooms_b, layout_basic,
          shapermc_ecumenical_altar_starsandcircs
D:2:      layout_basic, minmay_misc_feat_rows, minmay_misc_feat_ornament
D:3:      layout_basic
D:4:      layout_cave_pools, serial_forest, infiniplex_forest_lined_room_2,
          infiniplex_forest_clump_tiny, infiniplex_forest_zigzag_1,
          infiniplex_forest_end_2, infiniplex_forest_corner_1,
          infiniplex_forest_clump_cross, infiniplex_forest_straight_3,
          chequers_serial_rivers_small_b, pf_guarded_unrand_woodcutter

Skill      XL: |  1  2  3  4  5 |
---------------+----------------+-----
Dodging        | 3 4 |  4.7
Maces & Flails | 3 |  3.9
Armour         | 1 2 |  2.0
Unarmed Combat | 1 |  1.4
Fighting       | |  2.0
Throwing       | |  1.7

Action                   |  1- 3 |  4- 6 || total
-------------------------+-------+-------++-------
Melee: Flail             |   114 |    70 ||   184
       Punch             |     1 |     2 ||     3
Throw: Throwing net      |     1 |     2 ||     3
       Dart              |       |     6 ||     6
       Stone             |       |     5 ||     5
  Use: Scroll            |     5 |     7 ||    12
       Potion            |     3 |       ||     3
Armor: Leather armour    |     1 |       ||     1
       Ring mail         |    37 |    27 ||    64
Dodge: Dodged            |    81 |    34 ||   115
Block: Other             |       |    13 ||    13

Table legend: (Time is in decaauts)
 A = Elapsed time spent in this place.
 B = Non-inter-level travel time spent in this place.
 C = Inter-level travel time spent in this place.
 D = Time resting spent in this place.
 E = Time spent auto-exploring this place.
 F = Levels seen in this place.
 G = Mean time per level.
                   A        B        C        D        E       F      G
               +--------+--------+--------+--------+--------+-----+--------+
         Total |   2818 |   2783 |     35 |    609 |   1504 |   4 |  704.5 |
       Dungeon |   2818 |   2783 |     35 |    609 |   1504 |   4 |  704.5 |
               +--------+--------+--------+--------+--------+-----+--------+

Top non-repeatable levels by time:
     D:3: 1028 daAuts
     D:1: 932 daAuts
     D:2: 709 daAuts
     D:4: 147 daAuts
